 Dungeon Crawl Stone Soup version 0.19.1-1-g22dce08 (webtiles) character file.

924 RaHiT the Magician (level 7, -10/46 HPs)
             Began as a Mummy Conjurer on Jan 5, 2017.
             Was an Initiate of Vehumet.
             Shot with an arrow by a centaur (11 damage)
             ... on level 5 of the Dungeon.
             The game lasted 00:34:28 (5397 turns).

RaHiT the Magician (Mummy Conjurer)                 Turns: 5397, Time: 00:34:29

Health: -10/46     AC:  5    Str: 11    XL:     7   Next: 84%
Magic:  12/16      EV: 12    Int: 17    God:    Vehumet [......]
Gold:   41         SH:  0    Dex: 12    Spells: 5 memorised, 3 levels left

rFire  x . .     SeeInvis .     l - staff of energy
rCold  + . .     Gourm    .     a - +0 robe
rNeg   + + +     Faith    .     (no shield)
rPois  ∞         Spirit   .     (no helmet)
rElec  .         Reflect  .     g - +0 cloak
rCorr  .         Harm     .     o - +1 pair of gloves
MR     .....                    (no boots)
Stlth  ++........               (no amulet)
                                (no ring)
                                (no ring)

@: no status effects
A: no food or potions, fire vulnerability, cold resistance 1, negative energy
resistance 3, torment resistance, unbreathing
a: Renounce Religion


You were on level 5 of the Dungeon.
You worshipped Vehumet.
Vehumet was noncommittal.
You were not hungry.

You visited 2 branches of the dungeon, and saw 6 of its levels.

You collected 188 gold pieces.
You spent 147 gold pieces at shops.

Inventory:

Hand Weapons
 f - a +0 blowgun
 m - a +3 dagger
 p - a +0 blowgun
 r - a +0 blowgun
 t - a +1 long sword of holy wrath
 x - the +2 dagger of the Eel {pierce, rElec}
   (You bought it in a shop on level 5 of the Dungeon)

   It inflicts extra damage upon your enemies.
   It insulates you from electricity.
Missiles
 k - 22 sling bullets
 n - 50 poisoned needles
 s - 7 curare-tipped needles
Armour
 a - a +0 robe (worn)
 g - a +0 cloak (worn)
 o - a +1 pair of gloves (worn)
Magical Staves
 l - an uncursed staff of energy (weapon)
Wands
 u - a wand of lightning (5/15)
 v - a wand of digging (10/24)
 w - a wand of lightning (8/15)
 y - a wand of hasting (2/9)
Scrolls
 d - 2 scrolls of remove curse
 e - 4 scrolls of enchant weapon
 h - 2 scrolls of immolation
 i - a scroll of magic mapping {unknown}
 j - 4 scrolls of teleportation
 q - 3 scrolls of recharging
Books
 b - a book of Conjurations

   Spells                             Type                      Level
   a - Magic Dart                     Conjuration                  1
   b - Searing Ray                    Conjuration                  2
   c - Dazzling Spray                 Conjuration/Hexes            3
   d - Fulminant Prism                Conjuration/Hexes            4
   e - Iskenderun's Mystic Blast      Conjuration                  4
   f - Iskenderun's Battlesphere      Conjuration/Charms           5


   Skills:
 - Level 2.1 Dodging
 - Level 1.5 Stealth
 * Level 6.1 Spellcasting
 - Level 5.0 Conjurations
 + Level 2.9 Evocations


You had 3 spell levels left.
You knew the following spells:

 Your Spells              Type           Power        Failure   Level  Hunger
a - Magic Dart            Conj           ###.         1%          1    N/A
b - Dazzling Spray        Conj/Hex       ##....       14%         3    N/A
c - Iskenderun's Mystic   Conj           ###.....     17%         4    N/A
d - Iskenderun's Battles  Conj/Chrm      ##......     95%         5    N/A
q - Searing Ray           Conj           ###...       2%          2    N/A

Dungeon Overview and Level Annotations

Branches:
Dungeon (5/15)             Temple (1/1) D:4

Altars:
Ashenzari
Dithmenos
Elyvilon
Fedhas
Kikubaaqudgha
Nemelex Xobeh
Okawaru
Qazlal
Trog
Uskayaw
Vehumet
Yredelemnul
Zin

Shops:
D:4 (   D:5 *}


Innate Abilities, Weirdness & Mutations

You do not eat or drink.
Your flesh is vulnerable to fire.
You are immune to poison.
Your flesh is cold resistant. (rC+)
You are immune to negative energy. (rN+++)
You are immune to unholy pain and torment.
You can survive without breathing.


Message History

You see here an arrow.
Casting: Magic Dart
Confirm with . or Enter, or press ? or * to list all spells.
Aiming: Searing Ray
Press: ? - help, Shift-Dir - straight line, f/p - centaur
Aim: a centaur, wielding a shortbow (lightly wounded)
The searing ray hits the centaur.
The centaur is moderately wounded.
The centaur shoots an arrow.
The arrow hits you!
* * * LOW HITPOINT WARNING * * *
The searing ray hits the centaur.
The centaur is moderately wounded.
The centaur shoots an arrow.
The arrow hits you.
* * * LOW HITPOINT WARNING * * *
The searing ray hits the centaur.
The centaur is heavily wounded.
The centaur shoots an arrow.
The arrow hits you.
* * * LOW HITPOINT WARNING * * *
The centaur shoots an arrow.
The arrow hits you!
You die...

.................## ##.#
#...............## #..##
#...........(...###########...##
#...........(..............!...
#.........##c..............###
##.....######.........##..##
##...### #(.#########..# ##...##
#..# ##.....# ##...## #@.#
##......## ##....##
#..####........# #......##
#..#.........<.## ........#
#............#..# ......#.###
#...........###.# #......∩..#
#..........## ### ###...#.#.#
#.........## ##......#
#.........# ##.....###
##........## ###


You could see a centaur.

Vanquished Creatures
  Menkaure (D:4)
  A water moccasin (D:5)
  An orc warrior (D:5)
  An ice beast (D:5)
  A necrophage (D:5)
  A hound (D:5)
  2 orc priests (D:5)
  Jessica (D:2)
  Terence (D:2)
  An iguana (D:4)
  A worker ant (D:4)
  A worker ant zombie (D:4)
  10 gnolls
  7 adders
  A worm (D:2)
  2 leopard geckos
  3 orcs
  4 giant cockroaches
  6 goblins
  9 hobgoblins
  6 jackals
  7 kobolds
  A quokka (D:2)
  2 ball pythons
  9 bats
  4 frilled lizards
  A leopard gecko skeleton (D:4)
  A quokka skeleton (D:5)
  A quokka zombie (D:5)
  8 rats
95 creatures vanquished.

Notes
Turn   | Place    | Note
-------+----------+-------------------------------------------
     0 | D:1      | RaHiT the Mummy Conjurer began the quest for the Orb.
     0 | D:1      | Reached XP level 1. HP: 13/13 MP: 3/3
   258 | D:1      | Reached XP level 2. HP: 19/19 MP: 0/5
   262 | D:1      | Learned a level 2 spell: Searing Ray
   453 | D:1      | Reached skill level 3 in Spellcasting
   761 | D:2      | Reached XP level 3. HP: 20/24 MP: 1/7
   938 | D:2      | Noticed Terence
  1259 | D:2      | Noticed Jessica
  1264 | D:2      | Killed Jessica
  1264 | D:2      | Reached skill level 4 in Spellcasting
  1264 | D:2      | Reached XP level 4. HP: 30/30 MP: 5/10
  2051 | D:3      | Learned a level 3 spell: Dazzling Spray
  2056 | D:3      | Learned a level 4 spell: Iskenderun's Mystic Blast
  2248 | D:3      | Found a glowing silver altar of Zin.
  2255 | D:3      | Found a faded altar of an unknown god.
  2428 | D:3      | Reached XP level 5. HP: 28/35 MP: 8/12
  2429 | D:3      | Reached skill level 5 in Spellcasting
  2470 | D:3      | Found a shadowy altar of Dithmenos.
  2903 | D:4      | Found Jebrotaw's Antique Weapon Emporium.
  3080 | D:4      | Reached skill level 1 in Evocations
  3216 | D:4      | Noticed Menkaure
  3221 | D:4      | Killed Menkaure
  3221 | D:4      | Reached XP level 6. HP: 36/41 MP: 5/13
  3278 | D:4      | Found a staircase to the Ecumenical Temple.
  3318 | Temple   | Entered the Ecumenical Temple
  3326 | Temple   | Became a worshipper of Vehumet
  3908 | D:2      | Killed Terence
  3983 | D:4      | Learned a level 5 spell: Iskenderun's Battlesphere
  3988 | D:5      | Entered Level 5 of the Dungeon
  4157 | D:5      | Reached skill level 5 in Conjurations
  4157 | D:5      | Reached XP level 7. HP: 31/46 MP: 3/14
  4203 | D:5      | Found Joamad's Assorted Antiques.
  4212 | D:5      | Bought a steaming dagger for 147 gold pieces
  4212 | D:5      | Identified the +2 dagger of the Eel {pierce, rElec} (You bought it in a shop on level 5 of the Dungeon)
  4701 | D:5      | Found a shattered altar of Ashenzari.
  5108 | D:5      | Reached skill level 6 in Spellcasting
  5354 | D:5      | Found Jinenise's Gadget Emporium.
  5397 | D:5      | HP: 1/46 [centaur/arrow (5)]
  5397 | D:5      | Shot with an arrow by a centaur

Skill      XL: |  1  2  3  4  5  6  7 |
---------------+----------------------+-----
Spellcasting   | 3 4 5 6 |  6.1
Evocations     | 1 2 |  2.9
Dodging        | 2 |  2.1
Conjurations   | 4 5 |  5.0
Stealth        | |  1.5

Action                   |  1- 3 |  4- 6 |  7- 9 || total
-------------------------+-------+-------+-------++-------
Melee: Dagger            |    21 |       |     4 ||    25
       Staff             |     4 |    12 |     1 ||    17
 Cast: Magic Dart        |    49 |    52 |     9 ||   110
       Searing Ray       |     8 |    31 |    14 ||    53
Evoke: Staff of energy   |    13 |    52 |    23 ||    88
  Use: Scroll            |       |     4 |     3 ||     7
 Stab: Sleeping          |     1 |     2 |       ||     3
Armor: Robe              |    10 |    12 |    10 ||    32
Dodge: Dodged            |    11 |    44 |    34 ||    89
